 Dungeon Crawl Stone Soup version 0.28-a0-1518-gbe868bca14 (webtiles) character file.

Game seed: 10588356152563969157

252 dolemite99 the Chiller (level 6, -5/44 HPs)
             Began as a Gnoll Ice Elementalist on Jan 16, 2022.
             Killed from afar by an orc wizard (10 damage)
             ... with a puff of flame
             ... on level 4 of the Dungeon.
             The game lasted 00:04:00 (3908 turns).

dolemite99 the Chiller (Gnoll Ice Elementalist)     Turns: 3908, Time: 00:04:01

Health: -5/44      AC:  4    Str: 10    XL:     6   Next: 14%
Magic:  10/13      EV: 12    Int: 18    God:
Gold:   102        SH:  0    Dex: 10    Spells: 8/15 levels left

rFire   . . .      SeeInvis .   v - +10 falchion "Lac Tikk" {spect, Str+3 Int+2 Dex-3}
rCold   . . .      Faith    .   (no shield)
rNeg    . . .      Spirit   .   g - +0 leather armour
rPois   .          Reflect  .   (no helmet)
rElec   .          Harm     .   (no cloak)
rCorr   .          Rampage  .   j - +0 pair of gloves
Will    .....                   (no boots)
Stlth   ++........              (no amulet)
HPRegen 0.14/turn               a - +4 ring of slaying
MPRegen 0.13/turn               (no ring)

@: no status effects
A: fangs 1, strong nose, distributed training
a: no special abilities


You were on level 4 of the Dungeon.
You visited 1 branch of the dungeon, and saw 4 of its levels.

You collected 102 gold pieces.

Inventory:

Hand Weapons
 d - a +0 mace
 h - a +0 dagger
 k - a +0 hunting sling
 m - a +0 quarterstaff
 o - a +0 hunting sling
 v - the +10 falchion "Lac Tikk" (weapon) {spect, Str+3 Int+2 Dex-3}
   (You found it on level 3 of the Dungeon)

   When its wielder attacks, the weapon's spirit leaps out and strikes again.
   The spirit shares a part of any damage it takes with its wielder.
   Str:       It affects your strength (+3).
   Int:       It affects your intelligence (+2).
   Dex:       It affects your dexterity (-3).
Missiles
 f - 104 stones
 s - 4 javelins (quivered)
 u - 6 atropa-tipped darts
 w - 18 arrows
Armour
 g - a +0 leather armour (worn)
 j - a +0 pair of gloves (worn)
 n - a +0 kite shield
Jewellery
 a - a +4 ring of slaying (left hand)
 b - an amulet of reflection
 t - a +4 ring of evasion
Scrolls
 c - 4 scrolls of identify {unknown}
 l - a scroll of immolation {unknown}
 p - a scroll of torment {unknown}
 q - a scroll of fog {unknown}
 x - a scroll of enchant armour {unknown}
 y - a scroll of amnesia {unknown}
Potions
 e - a potion of curing {unknown}
 i - a potion of haste {unknown}
 r - a potion of lignification {unknown}


   Skills:
 + Level 1.8 Fighting
 + Level 1.8 Short Blades
 + Level 1.8 Long Blades
 + Level 1.8 Axes
 + Level 1.8 Maces & Flails
 + Level 1.8 Polearms
 + Level 1.8 Staves
 + Level 1.8 Slings
 + Level 1.8 Bows
 + Level 1.8 Crossbows
 + Level 1.8 Throwing
 + Level 1.8 Armour
 + Level 4.9 Dodging
 + Level 4.5 Stealth
 + Level 1.8 Shields
 + Level 1.8 Unarmed Combat
 + Level 5.3 Spellcasting
 + Level 1.4 Conjurations
 + Level 1.4 Hexes
 + Level 1.4 Summonings
 + Level 1.4 Necromancy
 + Level 1.4 Translocations
 + Level 1.4 Transmutations
 + Level 1.4 Fire Magic
 + Level 7.2 Ice Magic
 + Level 1.4 Air Magic
 + Level 1.4 Earth Magic
 + Level 1.4 Poison Magic
 + Level 2.0 Invocations
 + Level 1.8 Evocations


You had 8 spell levels left.
You knew the following spells:

 Your Spells              Type           Power      Damage    Failure   Level
a - Freeze                Ice            100%       1d11      1%          1
b - Frozen Ramparts       Ice            60%        1d8       2%          3
c - Ozocubu's Armour      Ice            30%        N/A       2%          3

Your spell library contained the following spells:

 Spells                   Type           Power      Damage    Failure   Level
 Inner Flame              Hex/Fire       9%         N/A       28%         3
 Hailstorm                Conj/Ice       20%        3d6       28%         4
 Cause Fear               Hex            4%         N/A       67%         4
 Discord                  Hex            4%         N/A       100%        8


Dungeon Overview and Level Annotations

Branches:
Dungeon (4/15)
 Temple: D:4-7

Altars:
Trog
Uskayaw

Shops:
D:4 =

Annotations:
D:4 2 runed translucent doors


Innate Abilities, Weirdness & Mutations

You have very sharp teeth.
Your uncanny sense of smell can sniff out nearby items.
Your experience applies equally to all skills.


Message History

The hound barely misses you. The hound barely misses you.
Casting: Freeze (safe; 1% risk of failure)
Confirm with . or Enter, or press ? or * to list all spells.
Casting: Frozen Ramparts (dangerous; 2% risk of failure)
Press: ? - help, Dir - look around, f - activate The walls around you are covered in ice.
The wall freezes the hound.
The hound bites you.
The wall freezes the hound.
The hound barely misses you.
You slash the hound!
You kill the hound!
The wall freezes the orc warrior.
The wall freezes the orc warrior!
The orc warrior closely misses you.
The wall freezes the orc warrior!
The orc warrior hits you from afar with a +0 trident!
Something hits the bush but does no damage.
The wall freezes the orc warrior.
The orc warrior hits you from afar with a +0 trident!
The wall freezes something.
The wall freezes the orc warrior.
The orc warrior hits you from afar with a +0 trident.
* * * LOW HITPOINT WARNING * * *
The wall freezes something.
The wall freezes the orc warrior.
The orc warrior closely misses you.
The wall freezes something.
The wall freezes the orc warrior!
You kill the orc warrior!
The wall freezes something.
You hear some strange, mumbled words.
Something tries to affect you, but you resist.
Your Invocations skill increases to level 2!
You have reached level 6!
The frozen ramparts melt away as you move.
A magic dart appears from out of thin air!
The magic dart hits you.
* * * LOW HITPOINT WARNING * * *
The orc priest looks braver for a moment.
A puff of flame appears from out of thin air!
The puff of flame hits you!
You die...

#...# ....# .≈..#
.≈≈.# ∩≈≈.# ≈≈≈.#
≈≈..##############
+.......oo{......+
#...#.P.####.###@#
#.....P..# #.# #.#
###.P♣♣P)# #.# #.#
...P♣P♣Po# #.# #.#
...#P♣♣oP###.# #.#
...#.....{.#.###.#
...#..........o...
.####....#.##..#
...........#


You could see an orc.

Vanquished Creatures
  An orc warrior (D:4)
  A hound (D:4)
  4 adders
  2 worms (D:3)
  2 dart slugs
  An orc (D:4)
  7 ball pythons
  6 bats
  8 endoplasms
  2 giant cockroaches (D:2)
  4 hobgoblins
  8 jackals
  2 quokkas (D:1)
  4 frilled lizards
  13 goblins
  6 kobolds
  6 rats
77 creatures vanquished.

Vanquished Creatures (others)
  2 plants (D:4)
2 creatures vanquished.

Grand Total: 79 creatures vanquished

Notes
Turn   | Place    | Note
-------+----------+-------------------------------------------
     0 | D:1      | dolemite99 the Gnoll Ice Elementalist began the quest for
                  | the Orb.
     0 | D:1      | Reached XP level 1. HP: 13/13 MP: 6/6
   535 | D:1      | Reached XP level 2. HP: 12/19 MP: 3/7
  1489 | D:1      | Reached XP level 3. HP: 25/25 MP: 7/9
  1521 | D:1      | Learned a level 3 spell: Frozen Ramparts
  1571 | D:2      | Reached skill level 5 in Spellcasting
  1713 | D:2      | Reached skill level 1 in Invocations
  1913 | D:2      | Reached skill level 1 in Fighting
  1913 | D:2      | Reached skill level 1 in Short Blades
  1913 | D:2      | Reached skill level 1 in Long Blades
  1913 | D:2      | Reached skill level 1 in Axes
  1913 | D:2      | Reached skill level 1 in Maces & Flails
  1913 | D:2      | Reached skill level 1 in Polearms
  1913 | D:2      | Reached skill level 1 in Staves
  1913 | D:2      | Reached skill level 1 in Slings
  1913 | D:2      | Reached skill level 1 in Bows
  1913 | D:2      | Reached skill level 1 in Crossbows
  1913 | D:2      | Reached skill level 1 in Throwing
  1913 | D:2      | Reached skill level 1 in Armour
  1913 | D:2      | Reached skill level 1 in Shields
  1913 | D:2      | Reached skill level 1 in Unarmed Combat
  1913 | D:2      | Reached skill level 1 in Evocations
  1965 | D:2      | Reached XP level 4. HP: 32/32 MP: 11/11
  2011 | D:2      | Found a hide-covered altar of Uskayaw.
  2530 | D:3      | Reached skill level 1 in Conjurations
  2530 | D:3      | Reached skill level 1 in Hexes
  2530 | D:3      | Reached skill level 1 in Summonings
  2530 | D:3      | Reached skill level 1 in Necromancy
  2530 | D:3      | Reached skill level 1 in Translocations
  2530 | D:3      | Reached skill level 1 in Transmutations
  2530 | D:3      | Reached skill level 1 in Fire Magic
  2530 | D:3      | Reached skill level 1 in Air Magic
  2530 | D:3      | Reached skill level 1 in Earth Magic
  2530 | D:3      | Reached skill level 1 in Poison Magic
  2944 | D:3      | Found a bloodstained altar of Trog.
  3072 | D:3      | Reached XP level 5. HP: 33/37 MP: 8/12
  3154 | D:3      | Identified the +10 falchion "Lac Tikk" {spect, Str+3 Int+2
                  | Dex-3}
  3162 | D:3      | Found a faded altar of an unknown god.
  3647 | D:3      | Learned a level 3 spell: Ozocubu's Armour
  3650 | D:4      | Found Jorups's Jewellery Shop.
  3880 | D:4      | Found a large runed translucent door.
  3880 | D:4      | Found a large runed translucent door.
  3880 | D:4      | Noticed an orc warrior
  3903 | D:4      | Killed an orc warrior
  3904 | D:4      | Reached XP level 6. HP: 10/44 MP: 10/13
  3908 | D:4      | Killed from afar by an orc wizard

Illustrated notes

Levels and vault maps discovered:
D:1:      saegor_arrival_simple_e, layout_loops_corners, serial_forest,
          infiniplex_forest_lined_room_2, infiniplex_forest_corner_2,
          infiniplex_forest_lined_3_way, infiniplex_forest_straight_3,
          infiniplex_forest_clump_medium, infiniplex_forest_fountain,
          infiniplex_forest_straight_2, infiniplex_forest_clump_double
D:2:      layout_basic, basic_altar
D:3:      layout_basic, bloody_trog, nicolae_ecumenical_snake_handling,
          minmay_misc_feat_doors
D:4:      layout_basic, minmay_temple_entry_stoned_glass, serial_shops,
          nicolae_shop_waterfront, ebering_ghost_disaster_area, serial_forest,
          infiniplex_forest_lined_2, infiniplex_forest_clump_small,
          infiniplex_forest_lined_3_way, infiniplex_forest_end_3,
          infiniplex_forest_clump_small, infiniplex_forest_straight_5,
          uniq_crazy_yiuf_cottage, uniq_menkaure

Skill      XL: |  1  2  3  4  5 |
---------------+----------------+-----
Spellcasting   | 5 |  5.3
Invocations    | 1 2 |  2.0
Fighting       | 1 |  1.8
Short Blades   | 1 |  1.8
Long Blades    | 1 |  1.8
Axes           | 1 |  1.8
Maces & Flails | 1 |  1.8
Polearms       | 1 |  1.8
Staves         | 1 |  1.8
Slings         | 1 |  1.8
Bows           | 1 |  1.8
Crossbows      | 1 |  1.8
Throwing       | 1 |  1.8
Armour         | 1 |  1.8
Shields        | 1 |  1.8
Unarmed Combat | 1 |  1.8
Evocations     | 1 |  1.8
Conjurations   | 1 |  1.4
Hexes          | 1 |  1.4
Summonings     | 1 |  1.4
Necromancy     | 1 |  1.4
Translocations | 1 |  1.4
Transmutations | 1 |  1.4
Fire Magic     | 1 |  1.4
Air Magic      | 1 |  1.4
Earth Magic    | 1 |  1.4
Poison Magic   | 1 |  1.4
Dodging        | |  4.9
Stealth        | |  4.5
Ice Magic      | |  7.2

Action                   |  1- 3 |  4- 6 || total
-------------------------+-------+-------++-------
Melee: Mace              |     3 |       ||     3
       Dagger            |    15 |       ||    15
       Bite              |     2 |     6 ||     8
       Quarterstaff      |     5 |    29 ||    34
       Falchion          |       |     8 ||     8
 Cast: Freeze            |    42 |    23 ||    65
       Frozen Ramparts   |       |     3 ||     3
 Stab: Sleeping          |     1 |     2 ||     3
Armor: Leather armour    |    12 |    14 ||    26
Dodge: Dodged            |    28 |    47 ||    75

Table legend: (Time is in decaauts)
 A = Elapsed time spent in this place.
 B = Non-inter-level travel time spent in this place.
 C = Inter-level travel time spent in this place.
 D = Time resting spent in this place.
 E = Time spent auto-exploring this place.
 F = Levels seen in this place.
 G = Mean time per level.
                   A        B        C        D        E       F      G
               +--------+--------+--------+--------+--------+-----+--------+
         Total |   3917 |   3857 |     60 |    397 |   2722 |   4 |  979.2 |
       Dungeon |   3917 |   3857 |     60 |    397 |   2722 |   4 |  979.2 |
               +--------+--------+--------+--------+--------+-----+--------+

Top non-repeatable levels by time:
     D:1: 1541 daAuts
     D:3: 1161 daAuts
     D:2: 954 daAuts
     D:4: 260 daAuts
